 Dungeon Crawl Stone Soup version 0.20.1-1-g8b1a95d (webtiles) character file.

1174179 sambo the Dwarven Barricade (level 27, -1/306 (312) HPs)
             Began as a Deep Dwarf Fighter on Oct 29, 2017.
             Was the Champion of Makhleb.
             Slain by an Executioner (15 damage)
             ... in Pandemonium on Oct 30, 2017.
             The game lasted 09:24:41 (106238 turns).

sambo the Dwarven Barricade (Deep Dwarf Fighter)  Turns: 106238, Time: 09:24:42

HP:   -1/306 (312)  AC: 44    Str: 49      XL:     27
MP:   0/0           EV: 31    Int: 12 (16) God:    Makhleb [******]
Gold: 10096         SH: 37    Dex: 26      Spells: 24/26 levels left

rFire    + . .     SeeInvis +   l - +9 sacred scourge (holy)
rCold    + + +     Gourm    .   w - +1 large shield "Penydgh" {rPois rF+}
rNeg     + + +     Faith    .   k - +7 gold dragon scales
rPois    +         Spirit   .   I - +0 helmet "Goffa" {rPois rC+ rN+ Int+3 Dex+4}
rElec    +         Reflect  +   Z - scarf "Earthly Heaven" {rF- Regen+ Str+5 Int+3}
rCorr    .         Harm     .   D - +2 pair of gloves {Str+3}
MR       +++++     Rnd*Tele +   t - +2 pair of boots {Fly}
Stlth    ..........             J - amulet "Xocous" {Reflect *Contam rElec rN+ Dex+5 SH+3}
Regen    0.0/turn               x - ring "Centuot" {rC+ MR+ SInv}
MPRegen  0.1/turn               Q - ring of Gargher {rPois rN+ Str+4 Dex+5}

@: berserking, lethally poisoned (-1 -> -21), flayed, flying, non-regenerating,
diseased, slowed
A: damage resistance, heal wounds, claws 1, talons 2, frail 3, low mp 2,
negative energy resistance 1, sense surroundings 3, poison resistance, screaming
3, teleportitis 1, no regeneration
}: 10/15 runes: decaying, silver, iron, icy, abyssal, demonic, glowing, magical,
fiery, gossamer
a: Heal Wounds, Minor Destruction, Lesser Servant of Makhleb, Major Destruction,
Greater Servant of Makhleb, Renounce Religion, Stop Flying


You were in Pandemonium.
You worshipped Makhleb.
Makhleb was exalted by your worship.
You were not hungry.

You visited 15 branches of the dungeon, and saw 65 of its levels.
You visited Pandemonium 16 times, and saw 35 of its levels.
You visited the Abyss 11 times.
You visited 1 bazaar.
You visited 1 ziggurat, and saw 7 of its levels.

You collected 14113 gold pieces.
You spent 4017 gold pieces at shops.

Inventory:

Hand Weapons
 l - a +9 sacred scourge of holy wrath (weapon)
 m - a +9 vampiric demon whip
 r - the +4 staff of Dispater
   (You took it off Dispater on level 7 of the Iron City of Dis)
Armour
 k - +7 gold dragon scales (worn)
 t - a +2 pair of boots of flying (worn)
 w - the +1 large shield "Penydgh" (worn) {rPois rF+}
   (You bought it in a shop on level 5 of the Depths)

   It protects you from fire.
   It protects you from poison.
 D - a +2 pair of gloves of strength (worn)
 I - the +0 helmet "Goffa" (worn) {rPois rC+ rN+ Int+3 Dex+4}
   (You found it on level 5 of the Lair of Beasts)

   It affects your intelligence (+3).
   It affects your dexterity (+4).
   It protects you from cold.
   It protects you from poison.
   It protects you from negative energy.
 Z - the scarf "Earthly Heaven" (worn) {rF- Regen+ Str+5 Int+3}
   (You found it on level 4 of the Vaults)

   It affects your strength (+5).
   It affects your intelligence (+3).
   It makes you vulnerable to fire.
   It increases your rate of regeneration.
Jewellery
 x - the ring "Centuot" (left hand) {rC+ MR+ SInv}
   (You acquired it on level 2 of the Depths)

   [ring of protection from magic]

   It protects you from cold.
   It affects your resistance to hostile enchantments.
   It lets you see invisible.
 J - the amulet "Xocous" (around neck) {Reflect *Contam rElec rN+ Dex+5 SH+3}
   (You found it in Pandemonium)

   [amulet of reflection]

   It shields you and reflects attacks.
   It affects your dexterity (+5).
   It insulates you from electricity.
   It protects you from negative energy.
   It causes magical contamination when unequipped.
   It affects your SH (+3).
 Q - the ring of Gargher (right hand) {rPois rN+ Str+4 Dex+5}
   (You found it on level 3 of the Crypt)

   [ring of strength]

   It affects your strength (+4).
   It affects your dexterity (+5).
   It protects you from poison.
   It protects you from negative energy.
Scrolls
 c - 5 scrolls of torment
 d - 32 scrolls of identify
 h - 22 scrolls of teleportation
 j - 7 scrolls of fear
 n - a scroll of recharging
 q - 35 scrolls of remove curse
 s - 7 scrolls of fog
 v - 9 scrolls of magic mapping
 E - 6 scrolls of blinking
 G - 2 scrolls of summoning
 V - 4 scrolls of silence
Potions
 e - a potion of magic
 g - 2 potions of brilliance
 i - 3 potions of heal wounds
 p - 2 potions of resistance
 u - 27 potions of curing
 z - 7 potions of ambrosia
 C - 3 potions of might
 F - 2 potions of invisibility
 L - 2 potions of berserk rage
 N - 5 potions of agility
 W - 6 potions of cancellation
 X - 12 potions of haste
Miscellaneous
 a - a lamp of fire
 b - the horn of Geryon
 A - a lamp of fire
 B - 7 sacks of spiders
 M - 5 boxes of beasts
 S - 2 phantom mirrors
Comestibles
 f - 29 bread rations
 o - 2 chunks of flesh
 R - a meat ration


   Skills:
 O Level 27 Fighting
   Level 14.2(22.9) Axes
 - Level 26.4(27) Maces & Flails
 * Level 26.7 Armour
 * Level 23.7 Dodging
 O Level 27 Shields
 O Level 27 Invocations
 O Level 27 Evocations


You had 24 spell levels left.
You knew the following spells:

 Your Spells              Type           Power        Failure   Level  Hunger
a - Blink                 Tloc           N/A          82%         2    ###....


Dungeon Overview and Level Annotations

Branches:
Dungeon (15/15)            Temple (1/1) D:4            Lair (6/6) D:9
  Swamp (4/4) Lair:2       Spider (4/4) Lair:4        Slime (1/5) Lair:6
    Orc (2/2) D:11            Elf (3/3) Orc:2        Vaults (5/5) D:14
  Crypt (3/3) Vaults:2       Tomb (0/3) Crypt:3      Depths (5/5) D:15
   Hell (1/1)                 Dis (7/7) Hell            Geh (0/7) Hell
    Coc (7/7) Hell            Tar (1/7) Hell            Zot (0/5) Depths:5

Altars:
Ashenzari
Cheibriados
Dithmenos
Elyvilon
Fedhas
Gozag
Hepliaklqana
Kikubaaqudgha
Makhleb
Nemelex Xobeh
Okawaru
Qazlal
Ru
Sif Muna
Trog
Uskayaw
Vehumet
Xom
Yredelemnul
Zin
The Shining One
Beogh

Shops:
D:13 **[%   Orc:2 [(=*   Depths:5 [

Portals:
Hell: Depths:1 Depths:2 Depths:3 Depths:4 Depths:5
Abyss: Depths:4
Pandemonium: Depths:2 Depths:3 Depths:4


Innate Abilities, Weirdness & Mutations

You are resistant to damage.
You can heal yourself by infusing magical energy.
You resist negative energy. (rN+)
You passively map a large area around you.
You do not regenerate.
You have sharp fingernails.
You have razor-sharp toenails.
You are extremely frail. (-30% HP)
Your magical capacity is very low. (-20% MP)
Your system is resistant to poisons. (rPois)
You frequently scream uncontrollably at your foes.
You are occasionally teleported next to monsters.


Message History

The Executioner hits you but does no damage. x2
You hit the soul eater.
The soul eater convulses.
The soul eater is heavily wounded.
You are engulfed in dark miasma.
You are lethally poisoned!
You feel your flesh rotting away!
You feel ill.
* * * LOW HITPOINT WARNING * * *
x2 You feel sick.
You block the Executioner's attack. x2
The Executioner hits you but does no damage.
You block the Executioner's attack.
The Executioner completely misses you. x2
You block the Executioner's attack.
The Executioner hits you but does no damage.
The Executioner closely misses you.
The Executioner hits you but does no damage.
The Executioner misses you. You block the Executioner's attack.
The Executioner hits you but does no damage.
The Executioner completely misses you. The Executioner closely misses you.
The Executioner hits you!
You die...

.#..# * * * ,, *, ,
#.#.# .#, ,#...#.#.*
* * , ...##
.#.#,*.....#.#. ,*
#.#.# * #.#.#
#33§#.#.#, , .#..#
*,* #.#.#.WZM3#.#.*,
, * #.#.# ,
,#.#W#.WV#.#.# *
...## #.#z3z..#.#, *
#.#.### ,* #.#11z#.#
* * ##....### *
#1@1W.# *, ,
##.....####
#W#11§#.# * ,
###......#####.§.# ,
**
###.......##'''##..,
* *
####..............
*** ####.........##
* ###########


You could see 6 Executioners, a jiangshi, 4 soul eaters, 3 flayed ghosts, a
shadow wraith (invisible), 2 curse skulls, a phantasmal warrior, a flying skull,
a mummy and a fire giant simulacrum.

Vanquished Creatures
  Cerebov (Pan)
  Antaeus (Coc:7)
  Gloorx Vloq (Pan)
  the Serpent of Hell (Dis:7)
  Lom Lobon (Pan)
  Mnoleg (Pan)
  Dispater (Dis:7)
  18 pandemonium lords
  Khufu (Crypt:3)
  Mennas (Depths:5)
  The ghost of Lamp the Conqueror, a legendary DsFi of Okawaru (Hell)
  7 ancient liches
  A juggernaut (Depths:3)
  2 greater mummies (Crypt:3)
  A shard shrike (Coc:7)
  A caustic shrike (shapeshifter) (Depths:4)
  A Killer Klown (Zig:4)
  Geryon (Hell)
  Xtahua (Crypt:3)
  Margery (Vaults:3)
  Nikola (Swamp:4)
  2 golden dragons (shapeshifter) (Depths:4)
  A profane servitor (Abyss:5)
  5 golden dragons
  20 bone dragons
  A pearl dragon (Pan)
  Arachne (Spider:4)
  15 Brimstone Fiends
  Jorgrun (Depths:5)
  An iron giant (shapeshifter) (Depths:4)
  10 liches
  9 Tzitzimimeh (Pan)
  7 iron giants (Dis:7)
  A hellephant (Pan)
  17 Hell Sentinels
  The ghost of WindowMaker the Zephyrmancer, an adept DsAs of Makhleb (Depths:2)
  27 Ice Fiends
  10 tentacled monstrosities
  3 deep elf blademasters
  3 titans
  2 deep elf master archers (Elf:3)
  The ghost of coleonyx the Peltast, an adept HOFi of Trog (Swamp:4)
  5 quicksilver dragons
  2 acid blobs (Depths:1)
  25 Executioners
  5 sphinxes
  52 tentacled starspawn
  Kirke (D:15)
  18 ancient champions
  2 storm dragons (shapeshifter) (Depths:4)
  4 shadow dragons
  9 tengu reavers
  5 storm dragons
  8 thorn hunters
  A shadow dragon (shapeshifter) (Depths:4)
  14 warmongers (Pan)
  An azure jelly (shapeshifter) (Vaults:4)
  2 nagarajas (Zig:6)
  4 revenants
  5 daevas
  A fire giant (shapeshifter) (Depths:3)
  7 fire giants
  6 frost giants
  12 iron dragons
  4 deep elf sorcerers
  5 ghost moths
  18 corrupters
  38 cacodemons
  39 balrugs
  12 vault wardens
  A draconian knight (Depths:5)
  7 orc warlords
  4 deep elf elementalists
  2 draconian scorchers
  2 draconian shifters
  An emperor scorpion (Spider:4)
  9 ghouls
  A juggernaut zombie (Crypt:3)
  3 elemental wellsprings
  5 angels
  2 draconian annihilators
  11 ironheart preservers
  55 very ugly things
  49 reapers
  3 caustic shrike skeletons (Crypt:3)
  4 entropy weavers
  13 blood saints
  9 apis (Pan)
  An ophan (Abyss:1)
  25 war gargoyles
  11 stone giants
  2 green draconians
  10 deep elf demonologists
  14 black suns (Pan)
  8 vampire knights
  A dire elephant (Lair:6)
  25 lorocyprocas
  8 spark wasps
  Azrael (Elf:1)
  A white draconian (Abyss:3)
  12 deep elf annihilators
  A yellow draconian (Abyss:5)
  A black draconian (Depths:5)
  A purple draconian (Depths:5)
  A spark wasp (shapeshifter) (Vaults:2)
  An ettin (shapeshifter) (Abyss:5)
  4 eidola
  12 deep elf death magi
  12 ettins
  2 red draconians
  Josephine (Lair:5)
  A minotaur (shapeshifter) (Vaults:5)
  56 blizzard demons
  3 crystal guardians
  16 jiangshi
  16 green deaths
  A merfolk impaler (Depths:1)
  2 minotaurs (D:12)
  A kraken zombie (Coc:1)
  17 ogre magi
  5 quicksilver dragon zombies
  7 great orbs of eyes
  8 yaktaur captains
  5 deep elf high priests
  A great orb of eyes (shapeshifter) (Abyss:5)
  3 death oozes (Depths:1)
  2 spriggan air magi (Depths:4)
  Erolcha (D:10)
  6 fire dragons
  2 hydras (shapeshifter)
  3 quicksilver dragon skeletons
  2 catoblepae
  17 rakshasas
  An ice dragon (shapeshifter) (Vaults:4)
  24 ice dragons
  34 vault guards
  7 hell beasts
  15 monstrous demonspawn (Pan)
  6 ghost crabs
  3 juggernaut simulacra (Depths:4)
  26 hydras
  A naga warrior (Abyss:3)
  4 death knights
  47 two-headed ogres
  15 centaur warriors
  4 deep troll shamans
  A satyr (shapeshifter) (Vaults:1)
  66 thrashing horrors
  14 hell hogs
  6 tengu warriors
  A two-headed ogre (shapeshifter) (Depths:5)
  2 naga sharpshooters (Zig:6)
  11 alligators
  2 orc high priests
  17 vampire magi
  6 death yaks
  3 spriggan berserkers
  41 dancing weapons
  A shock serpent (shapeshifter) (Abyss:3)
  6 deep troll earth magi
  35 deep elf knights
  3 shock serpents (Zig:6)
  5 titan zombies
  110 sun demons
  53 soul eaters
  171 large abominations
  4 iron golems (Dis:7)
  33 slime creatures
  A fire crab (shapeshifter) (D:15)
  77 sixfirhies
  A fire crab (Abyss:3)
  12 shadow wraiths
  35 wretched stars
  3 storm dragon zombies
  12 iron trolls
  15 spatial maelstroms
  95 skeletal warriors
  3 cherubim (Pan)
  12 flayed ghosts
  4 storm dragon skeletons
  A spark wasp zombie (Crypt:3)
  9 anaconda zombies
  22 shadow demons
  37 deep trolls
  7 titan skeletons
  29 torturous demonspawn (Pan)
  2 death drakes
  A quicksilver dragon simulacrum (Coc:7)
  12 unseen horrors
  A golden dragon zombie (Dis:7)
  6 glowing orange brains
  21 hell knights
  2 spriggan druids (Swamp:4)
  A glowing orange brain (shapeshifter) (Vaults:5)
  3 anaconda skeletons
  19 infernal demonspawn (Pan)
  5 shambling mangroves
  7 lindwurms
  A deep troll (shapeshifter) (Depths:5)
  15 swamp dragons
  9 wizards
  A golden dragon skeleton (Crypt:3)
  A kraken simulacrum (Coc:2)
  A naga ritualist (Zig:6)
  5 harpies
  9 phantasmal warriors
  25 deep elf archers
  2 shadow dragon zombies (Dis:7)
  24 gelid demonspawn (Pan)
  13 ironbrand convokers
  A lindwurm (shapeshifter) (Abyss:5)
  4 iron dragon zombies
  A harpy (shapeshifter) (Vaults:3)
  17 necromancers
  3 mana vipers (shapeshifter)
  2 shadow dragon skeletons
  4 stone giant zombies
  3 wolf spider zombies
  4 frost giant zombies
  21 orc knights
  35 wolf spiders
  3 manticores
  3 mana vipers
  18 orb spiders
  A shining eye (Abyss:5)
  56 ugly things
  2 iron dragon skeletons
  70 deep elf magi
  10 orc sorcerers
  2 salamanders (shapeshifter)
  3 oklob plants (Lair:6)
  9 cyclopes
  2 fire giant skeletons (Coc:7)
  3 stone giant skeletons
  8 worldbinders
  9 fire giant zombies
  87 smoke demons
  A water nymph (shapeshifter) (Depths:4)
  2 guardian serpents
  2 moths of wrath
  2 black mambas (shapeshifter)
  Joseph (D:10)
  4 frost giant skeletons
  38 rust devils
  A guardian serpent (shapeshifter) (Abyss:5)
  9 apocalypse crabs
  5 dire elephant zombies
  4 ice statues
  2 shock serpent zombies
  A spriggan zombie (Depths:1)
  2 naga magi
  14 vault sentinels
  An eye of devastation (Pan)
  A torpor snail (shapeshifter) (Vaults:5)
  A torpor snail (Lair:6)
  9 black mambas
  A titan simulacrum (Hell)
  21 spiny frogs
  2 gargoyles (D:13)
  6 dire elephant skeletons
  A death yak zombie (Crypt:2)
  An emperor scorpion zombie (Dis:5)
  46 orange demons
  52 yaktaurs
  A shock serpent skeleton (Coc:2)
  A yaktaur zombie (Depths:1)
  36 freezing wraiths
  11 komodo dragons
  A spiny frog (shapeshifter) (Vaults:3)
  50 tormentors
  A catoblepas zombie (Dis:7)
  A komodo dragon (shapeshifter) (Abyss:3)
  A yaktaur (shapeshifter) (Vaults:1)
  17 efreet
  An anaconda simulacrum (Coc:7)
  2 kobold demonologists
  3 rime drakes
  41 ice devils
  30 hellions
  2 yaktaur skeletons
  34 demonic crawlers
  2 human zombies
  4 silent spectres
  60 hellwings
  36 ancient zymes
  12 hydra zombies
  A wind drake (shapeshifter) (Vaults:2)
  14 trolls
  2 harpy zombies
  A catoblepas skeleton (Abyss:1)
  3 meliai (D:15)
  51 red devils
  3 tengu conjurers
  25 jumping spiders
  A jumping spider (shapeshifter) (Vaults:1)
  A wolf spider simulacrum (Vaults:1)
  A polar bear (Lair:6)
  7 tyrant leeches
  15 bog bodies
  24 hornets
  A harpy skeleton (Dis:3)
  8 hippogriffs
  An iron dragon simulacrum (Coc:7)
  78 raiju
  12 blink frogs
  4 hydra skeletons
  A stone giant simulacrum (Crypt:3)
  6 alligator zombies
  2 ice dragon zombies
  4 frost giant simulacra
  A snapping turtle (shapeshifter) (Vaults:5)
  A hippogriff (shapeshifter) (Depths:2)
  5 ettin zombies
  3 fire dragon zombies
  A fire giant simulacrum (Crypt:3)
  4 air elementals
  A meliai zombie (D:14)
  2 dream sheep (Lair:2)
  79 flying skulls
  A spriggan (shapeshifter) (Depths:5)
  190 starcursed masses
  4 ice dragon skeletons
  25 wraiths
  72 ynoxinuls
  2 centaur simulacra
  A shock serpent simulacrum (Abyss:5)
  67 redbacks
  2 alligator skeletons
  10 shadows
  3 ettin skeletons
  10 spriggans
  17 water elementals
  4 wyverns
  2 black mamba zombies
  21 tarantellas
  62 yaks
  A fire dragon skeleton (Coc:7)
  2 hogs (D:15)
  A human (shapeshifter) (Vaults:5)
  6 golden eyes
  3 vampires
  63 small abominations
  8 fire bats
  8 fire elementals
  A tyrant leech zombie (Crypt:1)
  2 basilisks (shapeshifter)
  A steam dragon (shapeshifter) (Elf:2)
  16 humans (D:14)
  A golden eye (shapeshifter) (Vaults:3)
  14 vampire mosquitoes
  62 chaos spawn
  A yaktaur simulacrum (Vaults:4)
  63 neqoxecs
  8 hungry ghosts
  A steam dragon (D:11)
  3 basilisks
  An emperor scorpion simulacrum (Crypt:3)
  A wind drake skeleton (Crypt:2)
  8 wargs
  28 insubstantial wisps
  17 swamp worms
  2 nagas (Abyss:3)
  2 acid dragons
  17 water moccasins
  An acid dragon (shapeshifter) (Depths:2)
  23 hell hounds
  10 porcupines
  A floating eye (Depths:3)
  23 spatial vortices
  A soldier ant (D:14)
  2 hydra simulacra
  Duvessa (D:4)
  3 spiny frog skeletons
  A hornet zombie (D:15)
  19 swamp drakes
  13 spiny frog zombies
  11 ice beasts
  A black bear (D:11)
  A merfolk skeleton (Crypt:3)
  56 orc warriors
  A snapping turtle zombie (Coc:7)
  A sky beast (shapeshifter) (Abyss:3)
  8 boggarts
  A manticore zombie (Dis:7)
  3 sky beasts
  2 alligator simulacra
  2 ettin simulacra
  6 eyes of draining
  43 ogres
  4 phantoms
  7 necrophages
  A dream sheep skeleton (Crypt:3)
  21 wolves
  2 snapping turtle skeletons (Crypt:3)
  A crocodile (shapeshifter) (Abyss:5)
  A blink frog skeleton (Crypt:1)
  12 crocodiles
  22 centaurs
  4 big kobolds
  2 hog skeletons
  An elf zombie (Coc:7)
  17 bullfrogs
  8 earth elementals
  An elf skeleton (Crypt:1)
  A human skeleton (Vaults:4)
  A water moccasin zombie (Crypt:2)
  Dowan (D:4)
  A hornet simulacrum (D:15)
  A water moccasin skeleton (D:10)
  4 scorpions
  A troll zombie (Dis:7)
  An elf simulacrum (Vaults:4)
  6 howler monkeys
  61 wights
  A troll skeleton (Coc:7)
  3 electric eels
  10 crimson imps
  5 centaur zombies
  A demonspawn zombie (Crypt:1)
  10 quasits
  4 bullfrog zombies
  10 centaur skeletons
  6 lava snakes (D:10)
  3 hounds
  13 jellies
  3 bullfrog skeletons
  39 orc wizards
  16 orc priests
  37 iron imps
  7 worker ants
  A black bear skeleton (Crypt:3)
  9 hell rats
  7 iguanas
  A sky beast zombie (Crypt:2)
  An ogre zombie (Dis:7)
  A tengu zombie (Dis:6)
  An ogre skeleton (Crypt:3)
  6 mummies
  A worker ant zombie (D:8)
  13 gnolls
  22 adders
  2 shadow imps
  28 white imps
  18 ufetubi
  3 oozes
  2 adder zombies
  3 worms
  A ball lightning (Pan)
  A barachi zombie (Crypt:2)
  9 dart slugs (D:3)
  6 leopard geckos
  119 orcs
  A ball python (D:2)
  7 bats
  3 giant cockroaches
  3 hobgoblins
  10 jackals
  4 quokkas
  5 frilled lizards
  A frilled lizard zombie (Crypt:3)
  3 goblins
  A jackal skeleton (D:9)
  A jackal zombie (D:8)
  12 kobolds
  A kobold skeleton (Abyss:3)
  2 orc zombies (Dis:7)
  9 rats
  12 briar patches (Swamp:1)
  5 crawling corpses
  3 fungi
  4 lurking horrors
  A macabre mass (Abyss:5)
  7 plants
  46 starspawn tentacles
  6 tentacles
5479 creatures vanquished.

Vanquished Creatures (collateral kills)
  A curse toe (Crypt:3)
  An Ice Fiend (Coc:7)
  A Hell Sentinel (Zig:7)
  3 acid blobs (Depths:1)
  A storm dragon (Depths:4)
  3 daevas (Pan)
  A deep elf sorcerer (Vaults:2)
  5 emperor scorpions (Spider:4)
  A cacodemon (Pan)
  A ghost moth (Spider:4)
  A warmonger (Zig:7)
  A stone giant (Depths:4)
  2 very ugly things (Depths:5)
  An entropy weaver (Spider:3)
  2 ironheart preservers
  A caustic shrike skeleton (Crypt:3)
  3 ophanim (Pan)
  A deep elf death mage (Vaults:2)
  A great orb of eyes (shapeshifter) (Abyss:5)
  A hydra (Lair:1)
  A death knight (Vaults:2)
  A two-headed ogre (Vaults:4)
  A tengu warrior (Depths:1)
  A deep elf knight (Vaults:4)
  2 thrashing horrors (Abyss:5)
  A slime creature (Vaults:2)
  2 skeletal warriors (Crypt:3)
  A wretched star (Abyss:5)
  A shadow demon (Zig:7)
  2 torturous demonspawn (Pan)
  3 unseen horrors (Abyss:5)
  A cherub (Pan)
  A deep elf archer (Vaults:4)
  5 orb spiders (Spider:4)
  2 lindwurms (Lair:2)
  4 wolf spiders
  6 ugly things
  4 deep elf magi
  2 smoke demons
  A torpor snail (Lair:2)
  A demonic crawler (Spider:1)
  A kobold demonologist (Abyss:5)
  6 jumping spiders
  3 hornets
  A fire dragon zombie (Crypt:1)
  9 redbacks
  A spriggan (Swamp:2)
  2 wraiths (Lair:5)
  4 tarantellas
  A yak (Lair:2)
  2 neqoxecs (Pan)
  A large abomination (Zig:2)
  A water moccasin (Lair:5)
  A hell hound (Abyss:5)
  An ice dragon simulacrum (Crypt:1)
  2 wolves (Lair:2)
  A torpor snail zombie (Crypt:1)
  A big kobold (Abyss:5)
  A bullfrog (Lair:2)
  An earth elemental (Zig:5)
  A yaktaur skeleton (Crypt:1)
  A jelly (Depths:1)
  2 orc priests (Orc:1)
  An ooze (Depths:1)
  3 orcs (Orc:1)
123 creatures vanquished.

Vanquished Creatures (others)
  The ghost of rgaf the Metallomancer, a veteran DrIE of Vehumet (Zig:5)
  5 eldritch tentacles
  An Executioner (Pan)
  A kraken (Abyss:3)
  2 fire giants
  A ghost moth (Depths:4)
  A vault warden (Vaults:5)
  A cacodemon (Zig:7)
  2 blood saints (Pan)
  2 elemental wellsprings (Coc:7)
  3 yaktaur captains (Vaults:5)
  5 centaur warriors
  A hell hog (Pan)
  3 deep elf knights
  A soul eater (Pan)
  An orc high priest (Orc:2)
  A shadow demon (Pan)
  4 wizards
  6 deep elf archers
  A cyclops (Vaults:2)
  18 yaktaurs
  A tormentor (Pan)
  An alligator zombie (Coc:1)
  2 blink frogs (Lair:6)
  A large abomination (Zig:5)
  A wraith (Coc:7)
  A ynoxinul (Zig:7)
  3 humans (D:15)
  A water elemental (Hell)
  2 chaos spawn (Pan)
  4 neqoxecs
  A sky beast (D:12)
  A starcursed mass (Abyss:5)
  3 small abominations
  2 centaurs (Vaults:1)
  2 wights (Abyss:3)
  A quasit (Abyss:3)
  An orc priest (Vaults:4)
  2 iron imps (Dis:7)
  A worker ant (D:12)
  15 ball lightnings (Pan)
  3 orcs
  A bush (Lair:2)
  A crawling corpse (Vaults:5)
  12 fungi
  10 lurking horrors
  45 plants
  105 starspawn tentacles
  13 tentacles
297 creatures vanquished.

Grand Total: 5899 creatures vanquished

Notes
Turn   | Place    | Note
-------+----------+-------------------------------------------
     0 | D:1      | sambo the Deep Dwarf Fighter began the quest for the Orb.
     0 | D:1      | Reached XP level 1. HP: 20/20 MP: 1/1
   194 | D:1      | Reached XP level 2. HP: 27/27 MP: 2/2
   600 | D:2      | Reached XP level 3. HP: 25/34 MP: 3/3
   868 | D:2      | Reached XP level 4. HP: 36/42 MP: 4/4
  1458 | D:3      | Found a shattered altar of Ashenzari.
  1479 | D:3      | Found a faded altar of an unknown god.
  1718 | D:3      | Reached skill level 1 in Dodging
  1818 | D:3      | Reached XP level 5. HP: 37/49 MP: 5/5
  2195 | D:4      | Noticed an ogre
  2202 | D:4      | Killed an ogre
  2202 | D:4      | Reached XP level 6. HP: 32/56 MP: 6/6
  2329 | D:4      | Found a staircase to the Ecumenical Temple.
  2338 | Temple   | Entered the Ecumenical Temple
  2602 | D:4      | Reached skill level 5 in Axes
  2751 | D:4      | Noticed Dowan
  2768 | D:4      | Killed Dowan
  2779 | D:4      | Noticed Duvessa
  2785 | D:4      | Killed Duvessa
  2785 | D:4      | Reached skill level 5 in Armour
  2785 | D:4      | Reached XP level 7. HP: 31/62 MP: 6/6
  3097 | D:5      | Entered Level 5 of the Dungeon
  3135 | D:5      | Found a blossoming altar of Fedhas.
  3204 | D:5      | Found a hazy altar of Hepliaklqana.
  3204 | D:5      | Found a sacrificial altar of Ru.
  3233 | D:5      | Found a burning altar of Makhleb.
  3233 | D:5      | Found a radiant altar of Vehumet.
  3286 | D:5      | Became a worshipper of Makhleb the Destroyer
  3634 | D:5      | Reached skill level 5 in Shields
  3634 | D:5      | Reached skill level 1 in Evocations
  3790 | D:5      | Found a shattered altar of Ashenzari.
  4136 | D:6      | Reached XP level 8. HP: 58/72 MP: 7/7
  4144 | D:6      | Found a stormy altar of Qazlal.
  4457 | D:6      | Reached skill level 1 in Invocations
  5226 | D:7      | Gained mutation: You passively map the area around you. [Deep Dwarf growth]
  5226 | D:7      | Reached XP level 9. HP: 39/79 MP: 9/9
  5291 | D:7      | Found a shimmering altar of Xom.
  5377 | D:7      | Reached * piety under Makhleb
  5844 | D:8      | Found a shadowy altar of Dithmenos.
  5934 | D:8      | Reached skill level 5 in Fighting
  6664 | D:9      | Noticed a two-headed ogre
  6680 | D:9      | Killed a two-headed ogre
  6680 | D:9      | Reached XP level 10. HP: 54/88 MP: 9/9
  6822 | D:9      | Reached skill level 10 in Axes
  6842 | D:9      | Reached skill level 5 in Dodging
  6848 | D:9      | Found a deep blue altar of Sif Muna.
  6895 | D:9      | Reached skill level 5 in Evocations
  7013 | D:9      | Reached ** piety under Makhleb
  7323 | D:9      | Reached skill level 5 in Invocations
  7334 | D:9      | Found a staircase to the Lair.
  7731 | D:10     | Entered Level 10 of the Dungeon
  7888 | D:10     | Noticed a two-headed ogre
  7908 | D:10     | Killed a two-headed ogre
  7908 | D:10     | Reached XP level 11. HP: 20/97 MP: 11/11
  8352 | D:10     | Noticed Joseph
  8373 | D:10     | Killed Joseph
  8493 | D:10     | Noticed Erolcha
  8511 | D:10     | Killed Erolcha
  8744 | D:10     | Noticed a two-headed ogre
  8748 | D:10     | Killed a two-headed ogre
  8986 | D:11     | Noticed a two-headed ogre
  9186 | D:11     | Killed a two-headed ogre
  9338 | D:9      | Reached *** piety under Makhleb
  9378 | Lair:1   | Entered Level 1 of the Lair of Beasts
  9516 | Lair:1   | Noticed a five-headed hydra
  9525 | Lair:1   | Killed a five-headed hydra
 10847 | Lair:2   | Paralysed by a hornet for 3 turns
 11020 | Lair:2   | Reached XP level 12. HP: 98/109 MP: 11/11
 11219 | Lair:2   | Found a staircase to the Swamp.
 11436 | Lair:2   | Reached **** piety under Makhleb
 11783 | Lair:2   | Paralysed by a hornet for 3 turns
 12399 | Lair:3   | Reached skill level 10 in Invocations
 13365 | Lair:4   | Found a hole to the Spider Nest.
 13509 | Lair:4   | Reached XP level 13. HP: 117/117 MP: 12/12
 13568 | Lair:4   | Got a twisted whip
 13569 | Lair:4   | Identified the +8 whip of Psychosis {freeze, rF+ Str+6 Int-3} (You found it on level 4 of the Lair of Beasts)
 13610 | Lair:4   | Reached skill level 1 in Maces & Flails
 14021 | Lair:5   | Noticed Josephine
 14048 | Lair:5   | Killed Josephine
 14146 | Lair:5   | Got an encrusted helmet
 14152 | Lair:5   | Identified the +0 helmet "Goffa" {rPois rC+ rN+ Int+3 Dex+4} (You found it on level 5 of the Lair of Beasts)
 14448 | Lair:5   | Reached skill level 10 in Armour
 14452 | Lair:5   | Reached ***** piety under Makhleb
 14616 | Lair:6   | Entered Level 6 of the Lair of Beasts
 15021 | Lair:6   | Noticed a dire elephant
 15042 | Lair:6   | Killed a dire elephant
 15695 | Lair:6   | Gained mutation: You resist negative energy. (rN+) [Deep Dwarf growth]
 15695 | Lair:6   | Reached XP level 14. HP: 126/126 MP: 12/12
 15737 | Lair:6   | Found a staircase to the Slime Pits.
 16144 | Lair:6   | Reached skill level 10 in Shields
 16969 | D:11     | Found a staircase to the Orcish Mines.
 17608 | D:12     | Reached ****** piety under Makhleb
 18098 | D:12     | Reached skill level 5 in Maces & Flails
 18177 | D:12     | Reached skill level 10 in Evocations
 18893 | D:12     | Identified 2 scrolls of acquirement
 18894 | D:12     | Got a flickering bone ring
 18896 | D:12     | Identified the ring of Day {rF+ rC+} (You acquired it on level 12 of the Dungeon)
 18950 | D:13     | Found Wammun's Antique Armour Shop.
 19042 | D:13     | Found Foefasti's Food Emporium.
 19046 | D:13     | Bought a translucent plate armour for 1008 gold pieces
 19056 | D:13     | Identified the +7 plate armour "Zade" {rF+ Str+4 Int-5} (You bought it in a shop on level 13 of the Dungeon)
 19075 | D:13     | Bought a pair of glowing gloves for 270 gold pieces
 19217 | D:13     | Found Wibubb's Assorted Antiques.
 19232 | D:13     | Found Zeq Navodomo's General Store.
 19975 | D:13     | Identified the Collected Works on Destructive Envenoming
 20519 | D:14     | Reached XP level 15. HP: 134/134 MP: 12/12
 20971 | D:14     | Found a gate to the Vaults.
 21149 | D:14     | Reached skill level 15 in Invocations
 21276 | D:15     | Entered Level 15 of the Dungeon
 21754 | D:15     | Found a staircase to the Depths.
 21782 | D:15     | Reached skill level 10 in Dodging
 21903 | D:15     | Noticed Kirke
 21913 | D:15     | Noticed a sphinx
 21919 | D:15     | Killed Kirke
 22738 | Swamp:1  | Entered Level 1 of the Swamp
 22836 | Swamp:1  | Noticed a thorn hunter
 22849 | Swamp:1  | Noticed a thorn hunter
 22849 | Swamp:1  | Killed a thorn hunter
 22862 | Swamp:1  | Killed a thorn hunter
 23010 | Swamp:1  | Reached XP level 16. HP: 105/144 MP: 12/14
 23901 | Orc:1    | Entered Level 1 of the Orcish Mines
 24067 | Orc:2    | Entered Level 2 of the Orcish Mines
 24067 | Orc:2    | Found a staircase to the Elven Halls.
 24099 | Orc:2    | Found a roughly hewn altar of Beogh.
 24140 | Orc:2    | Found Ezuijas's Antique Weapon Shoppe.
 24596 | Orc:1    | Found a roughly hewn altar of Beogh.
 24833 | Orc:2    | Found Qotysch's Gadget Shoppe.
 24843 | Orc:2    | Found Yrasa's General Store.
 24865 | Orc:2    | Paralysed by a chaos spawn for 6 turns
 24887 | Orc:2    | Found Meckacen's Jewellery Boutique.
 24916 | Orc:2    | Bought a +6 amulet of reflection for 819 gold pieces
 24931 | Orc:2    | Bought a scroll of enchant armour for 97 gold pieces
 25161 | Orc:2    | Found Ulica Rahoett's Antique Armour Shoppe.
 25416 | Spider:1 | Entered Level 1 of the Spider Nest
 26609 | Spider:2 | Reached skill level 10 in Maces & Flails
 27641 | Spider:3 | Reached XP level 17. HP: 152/152 MP: 14/14
 27682 | Spider:3 | Reached skill level 10 in Fighting
 27936 | Spider:4 | Entered Level 4 of the Spider Nest
 28255 | Spider:4 | Noticed Arachne
 28281 | Spider:4 | Killed Arachne
 28550 | Spider:4 | Got a gossamer rune of Zot
 29351 | Vaults:1 | Entered Level 1 of the Vaults
 30234 | Vaults:1 | Gained mutation: You passively map a large area around you. [Deep Dwarf growth]
 30234 | Vaults:1 | Reached XP level 18. HP: 163/163 MP: 15/15
 30591 | Vaults:1 | Reached skill level 15 in Shields
 31101 | Vaults:2 | Found a flickering gateway to a bazaar.
 31226 | Bazaar   | Entered a bazaar
 31244 | Bazaar   | Found Evvutimus's Armour Emporium.
 31269 | Bazaar   | Found Ukodor's Jewellery Emporium.
 31294 | Bazaar   | Found Baqoit's Armour Shoppe.
 31323 | Bazaar   | Bought a +0 shield of reflection for 85 gold pieces
 31636 | Vaults:2 | Found a staircase to the Crypt.
 32808 | Vaults:3 | Noticed Margery
 32903 | Vaults:3 | Killed Margery
 33988 | Vaults:3 | Reached XP level 19. HP: 172/172 MP: 14/14
 35787 | Vaults:4 | Got a transparent scarf
 35807 | Vaults:4 | Identified the cursed scarf "Earthly Heaven" {rF- Regen+ Str+5 Int+3} (You found it on level 4 of the Vaults)
 36592 | Lair:1   | Learned a level 2 spell: Blink
 36743 | Depths:1 | Entered Level 1 of the Depths
 37223 | Depths:1 | Reached XP level 20. HP: 183/183 MP: 16/16
 37871 | Depths:1 | Reached skill level 15 in Evocations
 38308 | Swamp:2  | Paralysed by a hornet for 3 turns
 39758 | Swamp:4  | Entered Level 4 of the Swamp
 40073 | Swamp:4  | Noticed coleonyx's ghost (adept HOFi)
 40290 | Swamp:4  | Killed coleonyx's ghost
 40480 | Swamp:4  | Got a decaying rune of Zot
 40559 | Swamp:4  | Noticed Nikola
 40582 | Swamp:4  | Killed Nikola
 41411 | Crypt:1  | Entered Level 1 of the Crypt
 41684 | Vaults:2 | Reached XP level 21. HP: 192/192 MP: 13/13
 43805 | Crypt:3  | Entered Level 3 of the Crypt
 43876 | Crypt:3  | Noticed Xtahua
 43904 | Crypt:3  | Killed Xtahua
 44609 | Crypt:3  | Noticed a greater mummy
 44622 | Crypt:3  | Noticed Khufu
 44643 | Crypt:3  | Killed a greater mummy
 44667 | Crypt:3  | Killed Khufu
 44682 | Crypt:3  | Noticed a greater mummy
 44699 | Crypt:3  | Killed a greater mummy
 44753 | Crypt:3  | Reached XP level 22. HP: 193/200 MP: 13/13
 44865 | Crypt:3  | Found a staircase to the Tomb.
 45534 | Crypt:3  | Noticed an ancient lich
 45550 | Crypt:3  | Killed an ancient lich
 45585 | Crypt:3  | Reached skill level 15 in Armour
 45640 | Crypt:3  | Noticed a curse toe
 45689 | Crypt:3  | Killed a curse toe
 45779 | Crypt:3  | Got a smoking bronze ring
 46018 | Crypt:3  | Identified the ring of Gargher {rPois rN+ Str+4 Dex+5} (You found it on level 3 of the Crypt)
 47119 | Depths:1 | Found a gateway to Hell.
 47981 | Depths:2 | Noticed WindowMaker's ghost (adept DsAs)
 48099 | Depths:2 | Killed WindowMaker's ghost
 48498 | Depths:2 | Reached skill level 15 in Dodging
 48638 | Depths:2 | Found a one-way gate leading to the halls of Pandemonium.
 49542 | Depths:3 | Reached XP level 23. HP: 131/212 MP: 14/14
 49594 | Depths:3 | Found a deep blue altar of Sif Muna.
 50313 | Depths:3 | Noticed a juggernaut
 50347 | Depths:3 | Killed a juggernaut
 51192 | Depths:3 | Noticed a caustic shrike
 51192 | Depths:3 | a shadow dragon changed into a caustic shrike
 51204 | Depths:3 | a caustic shrike changed into a fire giant
 51297 | Depths:4 | Reached skill level 15 in Maces & Flails
 51737 | Elf:1    | Entered Level 1 of the Elven Halls
 52532 | Elf:1    | Noticed Azrael
 52555 | Elf:1    | Killed Azrael
 53200 | Elf:2    | Found a runed gate.
 53200 | Elf:2    | Found a runed gate.
 53201 | Elf:2    | Found a runed gate.
 53666 | Elf:2    | Reached XP level 24. HP: 210/223 MP: 14/14
 54079 | Elf:3    | Entered Level 3 of the Elven Halls
 54596 | Elf:3    | Identified Dunlawip's Disquisition on Shape Shifting
 54991 | Elf:3    | Got a heavily runed tin amulet
 55091 | Elf:3    | Got a dazzling whip
 55279 | Elf:3    | Identified the +11 whip "Hydra's Curse" {protect, rPois rN+ Int+4} (You found it on level 3 of the Elven Halls)
 55281 | Elf:3    | Identified the amulet of Egalitarianism {rElec rF+ Regen+} (You found it on level 3 of the Elven Halls)
 57200 | Depths:4 | Found a one-way gate to the infinite horrors of the Abyss.
 57628 | Depths:5 | Entered Level 5 of the Depths
 57715 | Depths:5 | Reached skill level 15 in Fighting
 57958 | Depths:5 | Found a gateway to a ziggurat.
 57960 | Depths:5 | Noticed Jorgrun
 57971 | Depths:5 | Killed Jorgrun
 58006 | Zig:1    | Entered Level 1 of a ziggurat
 58036 | Zig:2    | Entered Level 2 of a ziggurat
 58036 | Zig:2    | Noticed Ruwahen the pandemonium lord
 58100 | Zig:2    | Killed Ruwahen the pandemonium lord
 58100 | Zig:2    | Reached XP level 25. HP: 123/232 MP: 1/15
 58194 | Zig:3    | Entered Level 3 of a ziggurat
 58242 | Zig:4    | Entered Level 4 of a ziggurat
 58304 | Zig:4    | Identified Weipt's Tome of the Rocks
 58316 | Zig:5    | Entered Level 5 of a ziggurat
 58316 | Zig:5    | Noticed rgaf's ghost (veteran DrIE)
 58365 | Zig:5    | Killed rgaf's ghost
 58436 | Zig:6    | Entered Level 6 of a ziggurat
 58479 | Zig:6    | Got a steaming plate armour
 58498 | Zig:6    | Identified the +1 plate armour "Xaakh" {rF+ MR+ Slay-2} (You found it on level 6 of a ziggurat)
 58513 | Zig:7    | Entered Level 7 of a ziggurat
 58519 | Zig:7    | Noticed Ylesas the pandemonium lord
 58562 | Zig:7    | Gained mutation: You are clumsy. (Dex -2) [a cacodemon]
 58588 | Zig:7    | HP: 10/234 [disintegration (19)]
 58595 | Zig:7    | Killed Ylesas the pandemonium lord
 59629 | Depths:5 | Found a gate to the Realm of Zot.
 59954 | Depths:5 | Noticed Mennas
 59981 | Depths:5 | Killed Mennas
 60122 | Depths:5 | Found Siata's Armour Shoppe.
 60127 | Depths:5 | Bought a +2 pair of boots of flying for 537 gold pieces
 60127 | Depths:5 | Bought the +1 large shield "Penydgh" {rPois rF+} for 692 gold pieces
 60819 | Vaults:5 | Entered Level 5 of the Vaults
 61008 | Vaults:5 | Noticed an ancient lich
 61019 | Vaults:4 | Killed an ancient lich
 61673 | Vaults:4 | Reached XP level 26. HP: 243/243 MP: 11/11
 62343 | Vaults:5 | Noticed an ancient lich
 62353 | Vaults:5 | Killed an ancient lich
 62972 | Vaults:5 | Got a transparent iron ring
 63081 | Vaults:5 | Got a clouded brass ring
 63138 | Vaults:5 | Got a wavering copper ring
 63140 | Vaults:5 | Got a scintillating bone ring
 63882 | Vaults:5 | Got a jewelled plate armour
 64066 | Vaults:5 | Got a silver rune of Zot
 64462 | Lair:1   | Identified the +1 plate armour of Summer {*Drain MR+ Str+4 Dex+5} (You found it on level 5 of the Vaults)
 64474 | Lair:1   | Identified the ring of Free Expression {Fire Dex+3} (You found it on level 5 of the Vaults)
 64476 | Lair:1   | Identified the ring "Gackeihu" {*Slow rN+ Int+9} (You found it on level 5 of the Vaults)
 64478 | Lair:1   | Identified the ring of Hitiagix {Dex+3 Stlth+} (You found it on level 5 of the Vaults)
 64480 | Lair:1   | Identified the ring "Qaaruw" {rN+ EV+5} (You took it off a deep elf archer on level 5 of the Vaults)
 64708 | Hell     | Entered the Vestibule of Hell
 64708 | Hell     | Noticed Geryon
 65124 | Hell     | Killed Geryon
 65147 | Hell     | Found a gateway to the ashen valley of Gehenna.
 65289 | Hell     | Found a gateway to the Iron City of Dis.
 65310 | Dis:1    | Entered Level 1 of the Iron City of Dis
 65737 | Dis:5    | Reached XP level 27. HP: 253/253 MP: 12/12
 65904 | Dis:6    | Gained mutation: Armour fits poorly on your strangely shaped body. [a cacodemon]
 65914 | Dis:7    | Entered Level 7 of the Iron City of Dis
 66095 | Dis:7    | Gained mutation: You are weak. (Str -2) [mutagenic glow]
 67331 | Dis:7    | Identified the Almanac of the Flamy Rocks
 67421 | Dis:7    | Gained mutation: You tend to lose your temper in combat. [mutagenic glow]
 67506 | Dis:7    | Noticed the Serpent of Hell
 67946 | Pan      | Entered Pandemonium
 68012 | Pan      | Lost mutation: Armour fits poorly on your strangely shaped body. [potion of mutation]
 68012 | Pan      | Lost mutation: You tend to lose your temper in combat. [potion of mutation]
 68012 | Pan      | Lost mutation: You are clumsy. (Dex -2) [potion of mutation]
 68012 | Pan      | Gained mutation: You are dopey. (Int -2) [potion of mutation]
 68012 | Pan      | Gained mutation: You are very dopey. (Int -4) [potion of mutation]
 68012 | Pan      | Lost mutation: You are weak. (Str -2) [potion of mutation]
 68012 | Pan      | Gained mutation: You have large cloven feet. [potion of mutation]
 68107 | Pan      | Found an exit through the horrors of the Abyss.
 68123 | Pan      | Took an exit into the Abyss.
 68123 | Abyss:1  | Escaped into the Abyss
 68526 | Depths:2 | Escaped the Abyss
 69041 | Pan      | Entered Pandemonium
 69041 | Pan      | Found an exit through the horrors of the Abyss.
 69420 | Pan      | Noticed Fewn the pandemonium lord
 69448 | Pan      | Killed Fewn the pandemonium lord
 69981 | Pan      | Noticed Lobiso the pandemonium lord
 70145 | Pan      | Cast into level 5 of the Abyss (Lobiso)
 70145 | Abyss:5  | Entered Level 5 of the Abyss
 70356 | Abyss:5  | Gained mutation: You are clumsy. (Dex -2) [a neqoxec]
 70547 | Abyss:5  | Paralysed by accursed screaming for 1 turns
 70563 | Abyss:5  | Gained mutation: You expend magic power (3 MP) to strengthen your wands. [a cacodemon]
 70574 | Abyss:5  | Paralysed by accursed screaming for 2 turns
 70639 | Abyss:5  | Found a corrupted altar of Lugonu.
 70713 | Abyss:5  | Found a corrupted altar of Lugonu.
 71379 | Abyss:5  | Noticed an ancient lich
 71403 | Abyss:5  | Killed an ancient lich
 71429 | Abyss:5  | Gained mutation: You occasionally shout uncontrollably at your foes. [a neqoxec]
 72150 | Abyss:5  | Gained mutation: You tend to lose your temper in combat. [a neqoxec]
 72378 | Abyss:5  | Gained mutation: You are weak. (Str -2) [a cacodemon]
 72545 | Abyss:5  | Noticed an ancient lich
 72556 | Abyss:5  | Killed an ancient lich
 72847 | Pan      | Escaped the Abyss
 72852 | Pan      | Found an exit through the horrors of the Abyss.
 72865 | Pan      | Killed Lobiso the pandemonium lord
 73260 | Pan      | Lost mutation: You occasionally shout uncontrollably at your foes. [potion of mutation]
 73260 | Pan      | Lost mutation: You tend to lose your temper in combat. [potion of mutation]
 73260 | Pan      | Gained mutation: Your magical capacity is low. (-10% MP) [potion of mutation]
 73260 | Pan      | Gained mutation: You are partially covered in slimy green scales. (AC +2) [potion of mutation]
 73261 | Pan      | Lost mutation: Your magical capacity is low. (-10% MP) [potion of mutation]
 73261 | Pan      | Lost mutation: You are very dopey. (Int -4) [potion of mutation]
 73261 | Pan      | Lost mutation: You are partially covered in slimy green scales. (AC +2) [potion of mutation]
 73261 | Pan      | Lost mutation: You are clumsy. (Dex -2) [potion of mutation]
 73261 | Pan      | Gained mutation: You are resistant to electric shocks. (rElec) [potion of mutation]
 73261 | Pan      | Gained mutation: You have a pair of small antennae on your head. [potion of mutation]
 73262 | Pan      | Lost mutation: You have a pair of small antennae on your head. [potion of mutation]
 73262 | Pan      | Lost mutation: You expend magic power (3 MP) to strengthen your wands. [potion of mutation]
 73262 | Pan      | Gained mutation: You evolve. [potion of mutation]
 73262 | Pan      | Gained mutation: You have hoof-like feet. [potion of mutation]
 73262 | Pan      | Gained mutation: You are partially covered in thin metallic scales. (AC +2) [potion of mutation]
 73263 | Pan      | Lost mutation: You are dopey. (Int -2) [potion of mutation]
 73263 | Pan      | Lost mutation: You are weak. (Str -2) [potion of mutation]
 73263 | Pan      | Lost mutation: You have hoof-like feet. [potion of mutation]
 73263 | Pan      | Lost mutation: You evolve. [potion of mutation]
 73263 | Pan      | Lost mutation: You have large cloven feet. [potion of mutation]
 73263 | Pan      | Gained mutation: You are resistant to hostile enchantments. (MR+) [potion of mutation]
 73314 | Pan      | Found an exit through the horrors of the Abyss.
 73521 | Pan      | Noticed Qodit the pandemonium lord
 73551 | Pan      | Killed Qodit the pandemonium lord
 73608 | Pan      | Took an exit into the Abyss.
 73608 | Abyss:1  | Escaped into the Abyss
 73769 | Abyss:1  | Noticed an ancient lich
 73777 | Abyss:1  | Killed an ancient lich
 73820 | Depths:2 | Escaped the Abyss
 73822 | Pan      | Entered Pandemonium
 73862 | Pan      | Found an exit through the horrors of the Abyss.
 73886 | Pan      | Reached skill level 27 in Shields
 74129 | Pan      | Noticed Fotiera the pandemonium lord
 74146 | Pan      | Killed Fotiera the pandemonium lord
 74371 | Pan      | Noticed Raewawk the pandemonium lord
 74439 | Pan      | Gained mutation: You are clumsy. (Dex -2) [a neqoxec]
 74755 | Pan      | Found an exit through the horrors of the Abyss.
 74768 | Pan      | Noticed Eponiv the pandemonium lord
 74781 | Pan      | Took an exit into the Abyss.
 74781 | Abyss:1  | Escaped into the Abyss
 74866 | Abyss:1  | Found a corrupted altar of Lugonu.
 74911 | Abyss:1  | Gained mutation: You expend magic power (3 MP) to strengthen your wands. [a neqoxec]
 75226 | Depths:2 | Escaped the Abyss
 75356 | Depths:2 | Lost mutation: You expend magic power (3 MP) to strengthen your wands. [potion of mutation]
 75356 | Depths:2 | Lost mutation: You are resistant to hostile enchantments. (MR+) [potion of mutation]
 75356 | Depths:2 | Lost mutation: You are clumsy. (Dex -2) [potion of mutation]
 75356 | Depths:2 | Lost mutation: You are partially covered in thin metallic scales. (AC +2) [potion of mutation]
 75356 | Depths:2 | Lost mutation: You are resistant to electric shocks. (rElec) [potion of mutation]
 75356 | Depths:2 | Gained mutation: You occasionally shout uncontrollably at your foes. [potion of mutation]
 75356 | Depths:2 | Gained mutation: You are partially covered in icy blue scales. (AC +2) [potion of mutation]
 75635 | Pan      | Entered Pandemonium
 75674 | Pan      | Found a runed door.
 75685 | Pan      | Found a runed door.
 75769 | Pan      | Found a runed door.
 75794 | Pan      | Found an exit through the horrors of the Abyss.
 76197 | Pan      | Found a runed door.
 76278 | Pan      | Noticed Motilyad the pandemonium lord
 76289 | Pan      | Killed Motilyad the pandemonium lord
 76340 | Depths:2 | Escaped Pandemonium
 76347 | Pan      | Entered Pandemonium
 76530 | Pan      | Found an exit through the horrors of the Abyss.
 76805 | Pan      | Noticed Paicsy the pandemonium lord
 76830 | Pan      | Killed Paicsy the pandemonium lord
 76837 | Pan      | Gained mutation: You sometimes yell uncontrollably at your foes. [a neqoxec]
 76839 | Pan      | Gained mutation: Your magical capacity is low. (-10% MP) [a neqoxec]
 76865 | Depths:2 | Escaped Pandemonium
 76870 | Pan      | Entered Pandemonium
 77036 | Pan      | Found an exit through the horrors of the Abyss.
 77157 | Pan      | Found a runed door.
 77157 | Pan      | Gained mutation: You are weak. (Str -2) [a neqoxec]
 77158 | Pan      | Gained mutation: Your magical capacity is very low. (-20% MP) [a neqoxec]
 77549 | Pan      | Noticed Xuvejajo the pandemonium lord
 77576 | Pan      | Killed Xuvejajo the pandemonium lord
 77668 | Pan      | Took an exit into the Abyss.
 77668 | Abyss:1  | Escaped into the Abyss
 78050 | Depths:2 | Escaped the Abyss
 78051 | Depths:2 | Lost mutation: Your magical capacity is very low. (-20% MP) [potion of mutation]
 78051 | Depths:2 | Lost mutation: You sometimes yell uncontrollably at your foes. [potion of mutation]
 78051 | Depths:2 | Lost mutation: You are partially covered in icy blue scales. (AC +2) [potion of mutation]
 78051 | Depths:2 | Lost mutation: You occasionally shout uncontrollably at your foes. [potion of mutation]
 78051 | Depths:2 | Gained mutation: You have a pair of small horns on your head. [potion of mutation]
 78051 | Depths:2 | Gained mutation: Your flesh is heat resistant. (rF+) [potion of mutation]
 78052 | Depths:2 | Lost mutation: Your magical capacity is low. (-10% MP) [potion of mutation]
 78052 | Depths:2 | Lost mutation: You are weak. (Str -2) [potion of mutation]
 78052 | Depths:2 | Lost mutation: You have a pair of small horns on your head. [potion of mutation]
 78052 | Depths:2 | Lost mutation: Your flesh is heat resistant. (rF+) [potion of mutation]
 78052 | Depths:2 | Gained mutation: You are dopey. (Int -2) [potion of mutation]
 78052 | Depths:2 | Lost mutation: You are dopey. (Int -2) [potion of mutation]
 78605 | Pan      | Entered Pandemonium
 78679 | Pan      | Noticed Norgheo the pandemonium lord
 78701 | Pan      | Killed Norgheo the pandemonium lord
 78993 | Pan      | Found an exit through the horrors of the Abyss.
 79364 | Pan      | Found an exit through the horrors of the Abyss.
 79584 | Pan      | Gained mutation: Armour fits poorly on your strangely shaped body. [a cacodemon]
 80803 | Pan      | Found a huge runed gate.
 81147 | Pan      | Found an exit through the horrors of the Abyss.
 81499 | Pan      | Noticed Vetuume the pandemonium lord
 81520 | Pan      | Killed Vetuume the pandemonium lord
 81608 | Pan      | Noticed Remuov the pandemonium lord
 81620 | Pan      | Killed Remuov the pandemonium lord
 81805 | Pan      | Found an exit through the horrors of the Abyss.
 82519 | Depths:2 | Escaped Pandemonium
 82530 | Pan      | Entered Pandemonium
 82656 | Pan      | Found an exit through the horrors of the Abyss.
 82768 | Pan      | Noticed Zopeank the pandemonium lord
 82827 | Pan      | Took an exit into the Abyss.
 82827 | Abyss:1  | Escaped into the Abyss
 82852 | Abyss:1  | Found a corrupted altar of Lugonu.
 82917 | Abyss:1  | Gained mutation: You expend magic power (3 MP) to strengthen your wands. [a neqoxec]
 83114 | Depths:2 | Escaped the Abyss
 83135 | Depths:2 | Lost mutation: Armour fits poorly on your strangely shaped body. [potion of mutation]
 83135 | Depths:2 | Lost mutation: You expend magic power (3 MP) to strengthen your wands. [potion of mutation]
 83135 | Depths:2 | Gained mutation: You are frail. (-10% HP) [potion of mutation]
 83135 | Depths:2 | Gained mutation: You are partially covered in molten scales. (AC +2) [potion of mutation]
 83135 | Depths:2 | Gained mutation: Your spells are a little harder to cast, but a little more powerful. [potion of mutation]
 83136 | Depths:2 | Lost mutation: You are frail. (-10% HP) [potion of mutation]
 83136 | Depths:2 | Lost mutation: You are partially covered in molten scales. (AC +2) [potion of mutation]
 83136 | Depths:2 | Lost mutation: Your spells are a little harder to cast, but a little more powerful. [potion of mutation]
 83136 | Depths:2 | Gained mutation: You are frail. (-10% HP) [potion of mutation]
 83136 | Depths:2 | Gained mutation: You are partially covered in rugged brown scales. (AC +1, +3% HP) [potion of mutation]
 83136 | Depths:2 | Gained mutation: You have sharp fingernails. [potion of mutation]
 83136 | Depths:2 | Gained mutation: You have a somewhat thin skeletal structure. (Dex +2, Stealth) [potion of mutation]
 83137 | Depths:2 | Lost mutation: You are frail. (-10% HP) [potion of mutation]
 83137 | Depths:2 | Lost mutation: You have sharp fingernails. [potion of mutation]
 83137 | Depths:2 | Lost mutation: You have a somewhat thin skeletal structure. (Dex +2, Stealth) [potion of mutation]
 83137 | Depths:2 | Lost mutation: You are partially covered in rugged brown scales. (AC +1, +3% HP) [potion of mutation]
 83137 | Depths:2 | Gained mutation: Your mind is acute. (Int +2) [potion of mutation]
 83137 | Depths:2 | Gained mutation: Scrolls take you a little longer to read. [potion of mutation]
 83137 | Depths:2 | Gained mutation: Your spells are a little harder to cast, but a little more powerful. [potion of mutation]
 83138 | Depths:2 | Lost mutation: Your spells are a little harder to cast, but a little more powerful. [potion of mutation]
 83138 | Depths:2 | Lost mutation: Scrolls take you a little longer to read. [potion of mutation]
 83138 | Depths:2 | Gained mutation: Scrolls take you a little longer to read. [potion of mutation]
 83138 | Depths:2 | Gained mutation: You are partially covered in rugged brown scales. (AC +1, +3% HP) [potion of mutation]
 83191 | Hell     | Noticed Lamp's ghost (legendary DsFi)
 83209 | Hell     | Killed Lamp's ghost
 83777 | Dis:7    | Killed the Serpent of Hell
 84148 | Dis:7    | Noticed Dispater
 84174 | Dis:7    | Killed Dispater
 84174 | Dis:7    | Reached skill level 27 in Invocations
 84215 | Dis:7    | Got an iron rune of Zot
 85370 | Hell     | Found a gateway to the freezing wastes of Cocytus.
 85381 | Coc:1    | Entered Level 1 of Cocytus
 85498 | Coc:1    | Gained mutation: You are clumsy. (Dex -2) [mutagenic glow]
 85544 | Coc:1    | Gained mutation: Potions are less effective at restoring your health. [mutagenic glow]
 86106 | Coc:7    | Entered Level 7 of Cocytus
 86889 | Coc:7    | Gained mutation: You are weak. (Str -2) [mutagenic glow]
 87271 | Coc:7    | Noticed Antaeus
 87347 | Coc:7    | Killed Antaeus
 87422 | Coc:7    | Got an icy rune of Zot
 87849 | Pan      | Entered Pandemonium
 88127 | Pan      | Noticed Amunt the pandemonium lord
 88140 | Pan      | Killed Amunt the pandemonium lord
 88235 | Pan      | Found an exit through the horrors of the Abyss.
 88842 | Pan      | Took an exit into the Abyss.
 88842 | Abyss:1  | Escaped into the Abyss
 88860 | Abyss:1  | Found a corrupted altar of Lugonu.
 88863 | Abyss:1  | Gained mutation: You are very clumsy. (Dex -4) [a neqoxec]
 89213 | Depths:2 | Escaped the Abyss
 89642 | Slime:1  | Entered Level 1 of the Pits of Slime
 90464 | Hell     | Found a gateway to the decaying netherworld of Tartarus.
 90475 | Tar:1    | Entered Level 1 of Tartarus
 90560 | Hell     | Lost mutation: You are weak. (Str -2) [potion of mutation]
 90560 | Hell     | Lost mutation: You are partially covered in rugged brown scales. (AC +1, +3% HP) [potion of mutation]
 90560 | Hell     | Gained mutation: Your magical capacity is low. (-10% MP) [potion of mutation]
 90560 | Hell     | Gained mutation: You have sharp toenails. [potion of mutation]
 90709 | Pan      | Entered Pandemonium
 90716 | Pan      | Noticed Sohaocvu the pandemonium lord
 90737 | Pan      | Killed Sohaocvu the pandemonium lord
 90738 | Pan      | Gained mutation: Your magical capacity is very low. (-20% MP) [a cacodemon]
 90807 | Pan      | Got a demonic rune of Zot
 90903 | Pan      | Found an exit through the horrors of the Abyss.
 91418 | Pan      | Took an exit into the Abyss.
 91418 | Abyss:1  | Escaped into the Abyss
 91655 | Depths:2 | Escaped the Abyss
 91657 | Pan      | Entered the realm of Mnoleg.
 91657 | Pan      | Entered Pandemonium
 91657 | Pan      | Noticed Mnoleg
 91693 | Pan      | Killed Mnoleg
 91696 | Pan      | Gained mutation: You occasionally shout uncontrollably at your foes. [a neqoxec]
 91701 | Pan      | Lost mutation: Your mind is acute. (Int +2) [a neqoxec]
 91703 | Pan      | Gained mutation: You expend magic power (3 MP) to strengthen your wands. [a neqoxec]
 91724 | Pan      | Gained mutation: You are dopey. (Int -2) [a cacodemon]
 91750 | Pan      | Got a glowing rune of Zot
 91852 | Pan      | Gained mutation: You are occasionally teleported next to monsters. [a cacodemon]
 92000 | Pan      | Gained mutation: You are sometimes teleported next to monsters. [a neqoxec]
 92130 | Pan      | Gained mutation: You are often teleported next to monsters. [a neqoxec]
 92139 | Pan      | Found an exit through the horrors of the Abyss.
 92585 | Pan      | Took an exit into the Abyss.
 92585 | Abyss:1  | Escaped into the Abyss
 92587 | Abyss:1  | Found a corrupted altar of Lugonu.
 92812 | Abyss:1  | Paralysed by accursed screaming for 1 turns
 93303 | Abyss:2  | Found a blossoming altar of Fedhas.
 93488 | Abyss:2  | Found a corrupted altar of Lugonu.
 93626 | Abyss:3  | Found a corrupted altar of Lugonu.
 94108 | Abyss:3  | Gained mutation: Scrolls take you longer to read. [a neqoxec]
 94711 | Abyss:3  | Gained mutation: Scrolls take you much longer to read. [a neqoxec]
 94785 | Abyss:3  | Gained mutation: Armour fits poorly on your strangely shaped body. [a cacodemon]
 94860 | Abyss:3  | Found a corrupted altar of Lugonu.
 95101 | Abyss:3  | Found a sparkling altar of Nemelex Xobeh.
 95201 | Abyss:3  | Found a sparkling altar of Nemelex Xobeh.
 95374 | Abyss:3  | Gained mutation: You are frail. (-10% HP) [a neqoxec]
 95489 | Abyss:3  | Gained mutation: You sometimes yell uncontrollably at your foes. [a neqoxec]
 95576 | Abyss:3  | Paralysed by accursed screaming for 2 turns
 95585 | Abyss:3  | Paralysed by accursed screaming for 1 turns
 95598 | Abyss:3  | Paralysed by accursed screaming for 1 turns
 95707 | Abyss:3  | Paralysed by accursed screaming for 1 turns
 95787 | Abyss:3  | Gained mutation: You are very frail. (-20% HP) [a neqoxec]
 95923 | Abyss:3  | Found a deep blue altar of Sif Muna.
 95924 | Abyss:3  | Gained mutation: Your body sometimes deteriorates upon taking damage. [a neqoxec]
 96026 | Abyss:3  | Found a blossoming altar of Fedhas.
 96204 | Abyss:3  | Gained mutation: You frequently scream uncontrollably at your foes. [a neqoxec]
 96474 | Abyss:3  | Gained mutation: Your magical capacity is extremely low. (-30% MP) [a neqoxec]
 96479 | Abyss:3  | Gained mutation: You are extremely frail. (-30% HP) [a neqoxec]
 96610 | Abyss:3  | Gained mutation: You are weak. (Str -2) [a neqoxec]
 97091 | Abyss:3  | Got an abyssal rune of Zot
 97281 | Depths:2 | Escaped the Abyss
 97287 | Pan      | Entered Pandemonium
 97305 | Pan      | Found an exit through the horrors of the Abyss.
 97479 | Pan      | Noticed Laoss the pandemonium lord
 97497 | Pan      | Killed Laoss the pandemonium lord
 98043 | Pan      | Entered the realm of Cerebov.
 98058 | Pan      | Found an exit through the horrors of the Abyss.
 98290 | Pan      | Noticed Cerebov
 98315 | Pan      | Killed Cerebov
 98358 | Pan      | Got a scintillating lapis lazuli ring
 98360 | Pan      | Got a transparent pewter amulet
 98404 | Pan      | Got an ancient sapphire amulet
 98488 | Pan      | Got a fiery rune of Zot
 98703 | Pan      | Identified the amulet of False Hope {Gourm Int+5} (You found it in Pandemonium)
 98705 | Pan      | Identified the amulet "Xocous" {Reflect *Contam rElec rN+ Dex+5 SH+3} (You found it in Pandemonium)
 98709 | Pan      | Identified the ring "Zulagait" {Wiz rElec rF- rN++ Dex+4} (You found it in Pandemonium)
 99029 | Pan      | Took an exit into the Abyss.
 99029 | Abyss:1  | Escaped into the Abyss
 99029 | Abyss:1  | Found a corrupted altar of Lugonu.
 99097 | Abyss:1  | Noticed an ancient lich
 99106 | Abyss:1  | Killed an ancient lich
 99111 | Depths:2 | Escaped the Abyss
 99125 | Depths:2 | Got a scorched ivory ring
 99127 | Depths:2 | Identified the ring "Centuot" {rC+ MR+ SInv} (You acquired it on level 2 of the Depths)
 99903 | D:13     | Bought a potion of mutation for 112 gold pieces
 99903 | D:13     | Bought a potion of mutation for 112 gold pieces
 99903 | D:13     | Lost mutation: Scrolls take you much longer to read. [potion of mutation]
 99903 | D:13     | Lost mutation: Armour fits poorly on your strangely shaped body. [potion of mutation]
 99903 | D:13     | Lost mutation: You are very clumsy. (Dex -4) [potion of mutation]
 99903 | D:13     | Lost mutation: You are often teleported next to monsters. [potion of mutation]
 99903 | D:13     | Lost mutation: You are clumsy. (Dex -2) [potion of mutation]
 99903 | D:13     | Gained mutation: You have razor-sharp toenails. [potion of mutation]
 99904 | D:13     | Lost mutation: Potions are less effective at restoring your health. [potion of mutation]
 99904 | D:13     | Lost mutation: You expend magic power (3 MP) to strengthen your wands. [potion of mutation]
 99904 | D:13     | Lost mutation: You are dopey. (Int -2) [potion of mutation]
 99904 | D:13     | Lost mutation: You are weak. (Str -2) [potion of mutation]
 99904 | D:13     | Gained mutation: You have sharp fingernails. [potion of mutation]
100161 | Orc:2    | Bought a translucent helmet for 285 gold pieces
100171 | Orc:2    | Identified the +2 helmet "Yxorch" {rC- Str+2 Slay+2} (You bought it in a shop on level 2 of the Orcish Mines)
101655 | Pan      | Entered Pandemonium
101941 | Pan      | HP: 7/206 [daeva/divine providence (9)]
102016 | Depths:2 | Escaped Pandemonium
102019 | Pan      | Entered the realm of Lom Lobon.
102019 | Pan      | Entered Pandemonium
102143 | Pan      | Noticed Lom Lobon
102233 | Pan      | Killed Lom Lobon
102323 | Pan      | Got a magical rune of Zot
102637 | Pan      | Found an exit through the horrors of the Abyss.
103152 | Pan      | Took an exit into the Abyss.
103152 | Abyss:1  | Escaped into the Abyss
103442 | Abyss:1  | Reached skill level 27 in Fighting
103451 | Depths:2 | Escaped the Abyss
103459 | Pan      | Entered Pandemonium
103538 | Pan      | Found an exit through the horrors of the Abyss.
103610 | Pan      | Identified the Grimoire of Dusty Necromancy
103777 | Pan      | Lost mutation: Your body sometimes deteriorates upon taking damage. [potion of mutation]
103777 | Pan      | Lost mutation: You are extremely frail. (-30% HP) [potion of mutation]
103777 | Pan      | Lost mutation: Scrolls take you longer to read. [potion of mutation]
103777 | Pan      | Lost mutation: You are sometimes teleported next to monsters. [potion of mutation]
103777 | Pan      | Gained mutation: Your system is resistant to poisons. (rPois) [potion of mutation]
103872 | Pan      | Noticed Rakoutz the pandemonium lord
103880 | Pan      | Killed Rakoutz the pandemonium lord
103950 | Pan      | Found an exit through the horrors of the Abyss.
104021 | Pan      | Found an exit through the horrors of the Abyss.
104039 | Pan      | Gained mutation: You are extremely frail. (-30% HP) [a cacodemon]
104116 | Pan      | Found an exit through the horrors of the Abyss.
104146 | Pan      | Lost mutation: Scrolls take you a little longer to read. [a cacodemon]
104277 | Pan      | Noticed Yxaer the pandemonium lord
104289 | Pan      | Killed Yxaer the pandemonium lord
104333 | Pan      | Found a runed door.
104347 | Pan      | Found a runed door.
104355 | Pan      | Found a runed door.
104355 | Pan      | Found a runed door.
104885 | Pan      | Found an exit through the horrors of the Abyss.
105021 | Pan      | Lost mutation: Your magical capacity is extremely low. (-30% MP) [a cacodemon]
105116 | Pan      | Noticed Huoptu the pandemonium lord
105137 | Pan      | Killed Huoptu the pandemonium lord
105514 | Pan      | Reached skill level 27 in Evocations
105699 | Depths:2 | Escaped Pandemonium
105709 | Pan      | Entered Pandemonium
105762 | Pan      | Found an exit through the horrors of the Abyss.
106105 | Pan      | Noticed Zosafoxe the pandemonium lord
106123 | Pan      | Found an exit through the horrors of the Abyss.
106143 | Pan      | Entered the realm of Gloorx Vloq.
106219 | Pan      | Noticed Gloorx Vloq
106236 | Pan      | Killed Gloorx Vloq
106238 | Pan      | HP: 14/306 [poison (dark miasma)]
106238 | Pan      | Slain by an Executioner

Skill      XL: |  1  2  3  4  5  6  7  8  9 10 11 12 13 14 15 16 17 18 19 20 21 22 23 24 25 26 27 |
---------------+----------------------------------------------------------------------------------+-----
Fighting       | 3 4 5 6 7 8 9 10 11 12 13 14 15 16 27 | 27.0
Axes           | 3 4 5 6 8 9 10 11 12 13 14 | 14.2
Armour         | 4 5 6 7 8 9 10 11 12 13 14 15 16 17 18 19 26 | 26.7
Shields        | 4 5 6 7 8 9 10 11 12 14 16 17 18 19 20 21 22 23 27 | 27.0
Dodging        | 1 2 3 4 5 6 7 8 9 10 11 12 13 14 15 16 17 23 | 23.7
Evocations     | 1 3 4 6 7 8 9 10 11 12 13 14 15 16 17 18 19 20 27 | 27.0
Invocations    | 2 3 5 9 10 13 14 16 17 18 19 20 21 22 23 24 27 | 27.0
Maces & Flails | 4 6 8 10 11 12 13 14 15 16 17 26 | 26.4

Action                   |  1- 3 |  4- 6 |  7- 9 | 10-12 | 13-15 | 16-18 | 19-21 | 22-24 | 25-27 || total
-------------------------+-------+-------+-------+-------+-------+-------+-------+-------+-------++-------
Melee: War axe           |   116 |   168 |   439 |   334 |       |       |       |       |       ||  1057
       Broad axe         |       |       |       |   407 |    10 |       |       |       |       ||   417
       Whip              |       |       |       |       |  1624 |  3162 |  3976 |  4024 |   593 || 13379
       Sacred scourge    |       |       |       |       |       |       |       |       | 11248 || 11248
       Demon whip        |       |       |       |       |       |       |       |       |    70 ||    70
Throw: Javelin           |     3 |    18 |     8 |       |       |       |       |       |       ||    29
       Tomahawk          |       |       |    22 |     6 |       |       |       |       |       ||    28
Invok: Minor Destruction |       |       |       |   201 |   497 |    74 |   114 |   131 |   287 ||  1304
       Lesser Servant of |       |       |       |     4 |     6 |     9 |     2 |     4 |       ||    25
       Major Destruction |       |       |       |       |    17 |     7 |     8 |    23 |    16 ||    71
       Greater Servant o |       |       |       |       |       |     7 |     6 |     8 |    20 ||    41
 Abil: Heal Wounds       |     1 |     5 |    12 |    25 |    15 |    14 |    23 |    16 |    33 ||   144
       Evoke Flight      |       |       |       |     1 |     6 |       |       |       |       ||     7
       Stop Flying       |       |       |       |       |     1 |       |       |       |       ||     1
Evoke: Wand              |       |       |     2 |     7 |       |     5 |     1 |     9 |     2 ||    26
       Lamp of fire      |       |       |       |       |       |       |     1 |     2 |     1 ||     4
       Sack of spiders   |       |       |       |       |       |       |     1 |     1 |     7 ||     9
       Phantom mirror    |       |       |       |       |       |       |       |     1 |     3 ||     4
       Box of beasts     |       |       |       |       |       |       |       |       |     3 ||     3
       Horn of Geryon    |       |       |       |       |       |       |       |       |     1 ||     1
  Use: Scroll            |       |     1 |     7 |     4 |    27 |     8 |     7 |     3 |    43 ||   100
       Potion            |       |     2 |       |    12 |       |     5 |     7 |     1 |    40 ||    67
 Stab: Distracted        |       |       |       |     1 |     1 |    11 |     2 |    10 |    14 ||    39
       Petrified         |       |       |       |       |     6 |       |       |       |       ||     6
       Petrifying        |       |       |       |       |     1 |       |       |       |       ||     1
       Confused          |       |       |       |       |       |       |     1 |       |       ||     1
       Invisible         |       |       |       |       |       |       |       |       |     2 ||     2
  Eat: Chunk             |       |     6 |    13 |    11 |    21 |    22 |    16 |    25 |    32 ||   146
       Meat ration       |       |       |       |     4 |     3 |     1 |     1 |     3 |    15 ||    27
       Royal jelly       |       |       |       |       |       |     2 |     9 |     3 |    17 ||    31
       Bread ration      |       |       |       |       |       |     1 |       |       |     7 ||     8
Armor: Scale mail        |    56 |    79 |    56 |       |       |       |       |       |       ||   191
       Plate armour      |       |       |   115 |   308 |   481 |   717 |   712 |   520 |   786 ||  3639
       Skin              |       |       |       |     9 |       |       |       |       |       ||     9
       Gold dragon scale |       |       |       |       |       |       |       |       |   900 ||   900
Dodge: Dodged            |    34 |    48 |    87 |   223 |   489 |   857 |   959 |  1003 |  3044 ||  6744
       Deflected         |       |       |       |     1 |    27 |    14 |     4 |       |       ||    46
Block: Shield            |    76 |    67 |   229 |   428 |   826 |  2502 |  3336 |  3084 |   595 || 11143
       Reflection        |       |       |       |       |       |    47 |    42 |   144 |   305 ||   538
       Large shield      |       |       |       |       |       |       |       |       | 11770 || 11770
